 Dungeon Crawl Stone Soup version 0.27.1-2-g3b301248ec (webtiles) character file.

Game seed: 8316763856168778555

207 vvl the Insei (level 5, 0/38 HPs)
             Began as a Demonspawn Transmuter on Sept 29, 2021.
             Slain by a phantom (3 damage)
             ... on level 4 of the Dungeon.
             The game lasted 00:06:12 (3941 turns).

vvl the Insei (Demonspawn Transmuter)               Turns: 3941, Time: 00:06:12

Health: 0/38       AC:  8    Str: 12    XL:     5   Next: 54%
Magic:  8/8        EV: 12    Int: 14    God:
Gold:   101        SH:  0    Dex: 13    Spells: 7/8 levels left

rFire    . . .     SeeInvis .     - Unarmed
rCold    . . .     Faith    .   (no shield)
rNeg     . . .     Spirit   .   a - +0 robe
rPois    .         Reflect  .   k - +2 helmet
rElec    .         Harm     .   (no cloak)
rCorr    .         Rampage  .   (no gloves)
Will     .....                  (no boots)
Stlth    +.........             (no amulet)
HPRegen  0.12/turn              (no ring)
MPRegen  0.22/turn              (no ring)

@: no status effects
A: claws 1, slimy green scales 2, magic regeneration
a: no special abilities


You were on level 4 of the Dungeon.
You visited 1 branch of the dungeon, and saw 4 of its levels.

You collected 101 gold pieces.

Inventory:

Armour
 a - a +0 robe (worn)
 k - a +2 helmet (worn)
Jewellery
 i - a ring of ice
Scrolls
 b - a scroll of fear {unknown}
 d - a scroll of teleportation {unknown}
 e - a scroll of enchant weapon {unknown}
 f - a scroll of vulnerability {unknown}
 h - 4 scrolls of identify {unknown}
 l - a scroll of enchant armour {unknown}
 m - a scroll of magic mapping {unknown}
Potions
 c - a potion of heal wounds {unknown}
 g - a potion of haste {unknown}
 j - a potion of mutation {unknown}
 n - 2 potions of lignification {unknown}


   Skills:
 + Level 2.0 Fighting
 + Level 2.5 Dodging
 * Level 3.5 Unarmed Combat
 + Level 2.4 Spellcasting
 + Level 0.7 Necromancy
 * Level 2.9 Transmutations
 + Level 1.7 Invocations
 + Level 1.5 Evocations


You had 7 spell levels left.
You knew the following spells:

 Your Spells              Type           Power      Damage    Failure   Level
a - Beastly Appendage     Tmut           18%        N/A       7%          1

Your spell library contained the following spells:

 Spells                   Type           Power      Damage    Failure   Level
 Wereblood                Tmut           9%         N/A       11%         2
 Spider Form              Tmut/Pois      2%         N/A       36%         3
 Ice Form                 Ice/Tmut       5%         N/A       77%         4
 Borgnjor's Revivificati  Necr           1%         N/A       100%        8
 Necromutation            Tmut/Necr      3%         N/A       100%        8
 Death's Door             Necr           1%         N/A       100%        9


Dungeon Overview and Level Annotations

Branches:
Dungeon (4/15)
 Temple: D:4-7

Altars:


Innate Abilities, Weirdness & Mutations

You have sharp fingernails.
You are mostly covered in slimy green scales. (AC +3)
You regenerate magic rapidly.


Message History

You closely miss the phantom. Your kick misses the phantom.
The phantom is severely damaged.
The phantom misses you.
You scratch the phantom. Your kick misses the phantom.
The phantom is almost destroyed.
The phantom hits you.
You are too injured to fight recklessly!
You are too injured to fight recklessly!
You are too injured to fight recklessly!
You are too injured to fight recklessly!
You barely miss the phantom.
The phantom is almost destroyed.
The phantom hits you but does no damage.
You barely miss the phantom. Your kick misses the phantom.
The phantom is almost destroyed.
The phantom hits you.
The phantom blinks!
You blink.
You closely miss the phantom. Your headbutt misses the phantom.
The phantom is almost destroyed.
You scratch the phantom but do no damage.
Your headbutt misses the phantom.
The phantom is almost destroyed.
The phantom hits you!
* * * LOW HITPOINT WARNING * * *
You scratch the phantom.
The phantom is almost destroyed.
The phantom barely misses you.
You scratch the phantom.
You headbutt the phantom, but do no damage.
The phantom is almost destroyed.
The phantom misses you.
You scratch the phantom but do no damage.
The phantom is almost destroyed.
The phantom hits you!
* * * LOW HITPOINT WARNING * * *
The phantom blinks!
You blink.
You scratch the phantom but do no damage.
The phantom is almost destroyed.
Your horns disappear.
Your talons disappear.
Your +2 helmet unmelds from your body.
The phantom hits you.
You die...

##### #...# #...#
#...# #...# #...#
###########...#
#<.......W@...+
###########...######
.....'..§......
##.§.#### #.#.......
#+#....... .......
....... .......


You could see a phantom.

Vanquished Creatures
  A bullfrog (D:3)
  An orc wizard (D:3)
  4 adders
  A worm (D:2)
  3 dart slugs (D:1)
  8 orcs
  7 ball pythons
  7 endoplasms
  4 giant cockroaches
  6 goblins
  4 hobgoblins (D:1)
  2 jackals (D:2)
  3 kobolds
  3 quokkas
  6 bats
  A frilled lizard (D:1)
  6 rats
67 creatures vanquished.

Notes
Turn   | Place    | Note
-------+----------+-------------------------------------------
     0 | D:1      | vvl the Demonspawn Transmuter began the quest for the Orb.
     0 | D:1      | Reached XP level 1. HP: 15/15 MP: 3/3
   265 | D:1      | Gained mutation: You are partially covered in slimy green
                  | scales. (AC +2) [demonic ancestry]
   265 | D:1      | Reached XP level 2. HP: 5/21 MP: 3/5
   268 | D:1      | HP: 1/21 [frozen (4)]
   996 | D:1      | Reached skill level 3 in Unarmed Combat
   996 | D:1      | Gained mutation: You regenerate magic rapidly. [demonic
                  | ancestry]
   996 | D:1      | Reached XP level 3. HP: 25/26 MP: 3/6
  1776 | D:2      | Reached skill level 1 in Invocations
  2217 | D:2      | Reached skill level 1 in Evocations
  2217 | D:2      | Gained mutation: You are mostly covered in slimy green
                  | scales. (AC +3) [demonic ancestry]
  2217 | D:2      | Reached XP level 4. HP: 13/32 MP: 5/7
  2944 | D:3      | Noticed a bullfrog
  2950 | D:3      | Killed a bullfrog
  2951 | D:3      | Gained mutation: You have sharp fingernails. [demonic
                  | ancestry]
  2951 | D:3      | Reached XP level 5. HP: 24/38 MP: 8/8
  3474 | D:3      | Found a faded altar of an unknown god.
  3908 | D:4      | Noticed a phantom
  3941 | D:4      | Slain by a phantom

Illustrated notes

Levels and vault maps discovered:
D:1:      scummos_arrival_star, layout_loops_ring
D:2:      layout_basic
D:3:      layout_basic, dreamdust_ecumenical_altar_statues
D:4:      layout_basic, uniq_menkaure

Skill      XL: |  1  2  3  4  5 |
---------------+----------------+-----
Transmutations | 2 |  2.9
Dodging        | 2 |  2.5
Unarmed Combat | 3 |  3.5
Invocations    | 1 |  1.7
Evocations     | 1 |  1.5
Fighting       | 2 |  2.0
Spellcasting   | |  2.4
Necromancy     | |  0.7

Action                   |  1- 3 |  4- 6 || total
-------------------------+-------+-------++-------
Melee: Unarmed           |   118 |   108 ||   226
       Kick              |    17 |    13 ||    30
       Headbutt          |    12 |    17 ||    29
       Punch             |     1 |     1 ||     2
 Cast: Beastly Appendage |    29 |    17 ||    46
 Stab: Sleeping          |     1 |       ||     1
Armor: Robe              |    29 |    33 ||    62
Dodge: Dodged            |    64 |    49 ||   113
